 Dungeon Crawl Stone Soup version 0.20.1-1-g8b1a95d66d (webtiles) character file.

236 Hvezdomuz the Sneak (level 5, -2/40 HPs)
             Began as a Draconian Enchanter on Dec 2, 2017.
             Killed by nerve-wracking pain
             ... invoked by Grinder
              (13 damage)
             ... on level 4 of the Dungeon.
             The game lasted 00:17:35 (3661 turns).

Hvezdomuz the Sneak (Draconian Enchanter)           Turns: 3661, Time: 00:17:35

Health: -2/40      AC:  5    Str: 10    XL:     5   Next: 77%
Magic:  7/8        EV: 13    Int: 15    God:
Gold:   176        SH:  0    Dex: 13    Spells: 3/9 levels left

rFire    . . .     SeeInvis .   g - +2 dagger (venom)
rCold    . . .     Gourm    .   (no shield)
rNeg     . . .     Faith    .   (armour unavailable)
rPois    .         Spirit   .   (helmet restricted)
rElec    .         Reflect  .   (no cloak)
rCorr    .         Harm     .   (no gloves)
MR       .....                  (no boots)
Stlth    +++.......             (no amulet)
Regen    0.2/turn               (no ring)
MPRegen  0.2/turn               (no ring)

@: no status effects
A: unfitting armour, cold-blooded, AC +5
a: no special abilities


You were on level 4 of the Dungeon.
You were not hungry.

You visited 1 branch of the dungeon, and saw 4 of its levels.

You collected 176 gold pieces.

Inventory:

Hand Weapons
 a - a +1 dagger
 g - a +2 dagger of venom (weapon)
Missiles
 s - 8 tomahawks (quivered)
Armour
 t - a +1 hat
Wands
 q - a wand of paralysis (16/24)
Scrolls
 d - 4 scrolls of remove curse {unknown}
 e - a scroll of immolation {unknown}
 f - a scroll of identify {unknown}
 h - a scroll of random uselessness {unknown}
 k - 3 scrolls of magic mapping {unknown}
 p - 2 scrolls of amnesia {unknown}
 r - a scroll of recharging {unknown}
 y - 2 scrolls of teleportation {unknown}
 z - a scroll of enchant armour {unknown}
Potions
 j - a potion of flight {unknown}
 m - a potion of haste {unknown}
 n - a potion of heal wounds {unknown}
 o - a potion of lignification {unknown}
 u - a potion of brilliance {unknown}
 v - a potion of berserk rage {unknown}
 x - a potion of mutation {unknown}
Books
 b - a book of Maledictions

   Spells                             Type                      Level
   a - Corona                         Hexes                        1
   b - Ensorcelled Hibernation        Hexes/Ice                    2
   c - Confuse                        Hexes                        3
   d - Tukima's Dance                 Hexes                        3
   e - Dazzling Spray                 Conjuration/Hexes            3
Comestibles
 c - 3 bread rations
 i - a fruit
 l - a meat ration


   Skills:
 + Level 1.3 Fighting
 + Level 2.7 Short Blades
 + Level 2.6 Dodging
 + Level 4.1 Stealth
 + Level 2.5 Spellcasting
 + Level 3.3 Hexes


You had 3 spell levels left.
You knew the following spells:

 Your Spells              Type           Power        Failure   Level  Hunger
a - Corona                Hex            ##.....      5%          1    #......
b - Ensorcelled Hibernat  Hex/Ice        #.....       16%         2    ###....
c - Tukima's Dance        Hex            ##......     16%         3    ###....


Dungeon Overview and Level Annotations

Branches:
Dungeon (4/15)
 Temple: D:4-7

Altars:
Zin

Shops:
D:4 [

Annotations:
D:4 Grinder


Innate Abilities, Weirdness & Mutations

Your plain brown scales are hard. (AC +5)
You cannot fit into any form of body armour.
You are cold-blooded and may be slowed by cold attacks.


Message History

Grinder resists with significant effort.
Casting: Corona
Confirm with . or Enter, or press ? or * to list all spells.
Aiming: Corona
Press: ? - help, Shift-Dir - straight line, f/p - Grinder
Aim: Grinder (chance to defeat MR: 47%) Grinder is outlined in light.
Grinder hits you.
You writhe in agony.
You completely miss Grinder. Grinder hits you!
Grinder stops glowing.
Grinder gestures at you. You resist with significant effort.
Things that are here:
a robe; a dagger Grinder gestures at you.
Pain shoots through your body!
* * * LOW HITPOINT WARNING * * *
Okay, then.
Grinder gestures at you. Pain shoots through your body!
You die...

.......####..............a.##....
.......# #............... #....
......## ##............# #....
.....## #...######...# ##....
##..## ##.5.# ...## #..... #..#
#..[## #...###..... #..# ##...#
#...##...... #..# #...##
#...#....... #..#
##.@[####...#....... #..###
#....##...)........ #....####
#.........#.[...... ##.......###
##......######.....
#...........####....### ##....
#.#...............### ###..
..##.............## #.. .##
##...........# #..
..#######........# ##.


You could see Grinder.

Vanquished Creatures
  A hound (D:4)
  An orc wizard (D:4)
  3 worker ants (D:4)
  2 adders
  2 oozes (D:1)
  A worm (D:1)
  2 dart slugs (D:1)
  3 leopard geckos
  8 orcs
  8 bats
  2 giant cockroaches (D:3)
  5 goblins
  5 hobgoblins
  6 jackals
  5 kobolds
  A frilled lizard (D:3)
  8 rats
63 creatures vanquished.

Vanquished Creatures (collateral kills)
  An orc (D:3)
1 creature vanquished.

Grand Total: 64 creatures vanquished

Notes
Turn   | Place    | Note
-------+----------+-------------------------------------------
     0 | D:1      | Hvezdomuz the Draconian Enchanter began the quest for the Orb.
     0 | D:1      | Reached XP level 1. HP: 14/14 MP: 3/3
   338 | D:1      | Reached XP level 2. HP: 14/20 MP: 5/5
   344 | D:1      | Learned a level 2 spell: Ensorcelled Hibernation
   476 | D:1      | Reached skill level 3 in Stealth
   954 | D:1      | Reached XP level 3. HP: 25/26 MP: 4/6
  1476 | D:2      | Found a glowing silver altar of Zin.
  1786 | D:3      | Learned a level 3 spell: Tukima's Dance
  2058 | D:3      | Reached XP level 4. HP: 32/33 MP: 7/7
  2769 | D:4      | Reached skill level 1 in Fighting
  2769 | D:4      | Reached XP level 5. HP: 31/40 MP: 8/8
  2993 | D:4      | Found Diczookk's Antique Armour Boutique.
  3203 | D:4      | Reached skill level 4 in Stealth
  3266 | D:4      | Noticed an ogre
  3632 | D:4      | Noticed Grinder
  3661 | D:4      | Killed from afar by Grinder

Skill      XL: |  1  2  3  4  5 |
---------------+----------------+-----
Stealth        | 3 4 |  4.1
Dodging        | 2 |  2.6
Hexes          | 3 |  3.3
Short Blades   | 2 |  2.7
Fighting       | 1 |  1.3
Spellcasting   | |  2.5

Action                   |  1- 3 |  4- 6 || total
-------------------------+-------+-------++-------
Melee: Dagger            |   129 |    47 ||   176
       Tailslap          |    11 |     3 ||    14
 Cast: Corona            |     9 |     9 ||    18
       Tukima's Dance    |     1 |     1 ||     2
  Use: Potion            |     1 |     1 ||     2
 Stab: Sleeping          |     7 |     5 ||    12
  Eat: Bread ration      |     1 |       ||     1
       Chunk             |       |     3 ||     3
       Royal jelly       |       |     1 ||     1
Armor: Skin              |    41 |    12 ||    53
Dodge: Dodged            |   114 |    32 ||   146
